 Dungeon Crawl Stone Soup version 0.22-a0-482-g76e0a5f (webtiles) character file.

5026 stealthycow the Basher (level 10, -2/64 HPs)
             Began as a Gargoyle Fighter on June 17, 2018.
             Was an Initiate of Makhleb.
             Slain by a killer bee (5 damage)
             ... on level 8 of the Dungeon.
             The game lasted 00:16:17 (6664 turns).

stealthycow the Basher (Gargoyle Fighter)           Turns: 6664, Time: 00:16:18

Health: -2/64      AC: 22    Str: 24    XL:     10   Next: 55%
Magic:  10/10      EV:  5    Int:  8    God:    Makhleb [......]
Gold:   397        SH: 11    Dex:  9    Spells: 9/9 levels left

rFire    . . .     SeeInvis .   i - +2 whip (drain)
rCold    . . .     Gourm    .   c - +0 shield
rNeg     + . .     Faith    .   s - +0 plate armour (curse)
rPois    ∞         Spirit   .   m - +0 helmet
rElec    +         Reflect  .   (no cloak)
rCorr    .         Harm     .   (no gloves)
MR       .....                  (no boots)
Stlth    ..........             (no amulet)
HPRegen  0.20/turn              (no ring)
MPRegen  0.12/turn              (no ring)

@: no status effects
A: negative energy resistance 1, electricity resistance, unbreathing,
petrification resistance, rot immunity, AC +7
a: Renounce Religion


You were on level 8 of the Dungeon.
You worshipped Makhleb.
Makhleb was noncommittal.
You were hungry.

You visited 2 branches of the dungeon, and saw 10 of its levels.

You collected 397 gold pieces.

Inventory:

Hand Weapons
 a - a +0 flail
 i - a +2 whip of draining (weapon)
 B - a +0 morningstar
 F - a +2 flail of holy wrath
Missiles
 g - 4 javelins (quivered)
 C - a throwing net
Armour
 c - a +0 shield (worn)
 m - a +0 helmet (worn)
 s - a cursed +0 plate armour (worn)
Jewellery
 l - an uncursed ring of stealth {unknown}
 z - a +3 ring of strength {unknown}
 E - an uncursed ring of poison resistance {unknown}
Wands
 b - a wand of digging (23)
 r - a wand of acid (6)
 v - a wand of scattershot (3)
 x - a wand of flame (55)
 H - a wand of paralysis (6)
Scrolls
 e - 7 scrolls of identify {unknown}
 j - a scroll of teleportation {unknown}
 k - 4 scrolls of remove curse {unknown}
 o - a scroll of noise {unknown}
 w - a scroll of magic mapping {unknown}
 y - 2 scrolls of amnesia {unknown}
 D - 2 scrolls of fog {unknown}
Potions
 d - a potion of might
 h - a potion of ambrosia {unknown}
 n - 3 potions of curing {unknown}
 p - a potion of agility {unknown}
 q - a potion of mutation {unknown}
 t - 2 potions of heal wounds {unknown}
 A - a potion of degeneration {unknown}
Comestibles
 f - 13 rations
 G - a chunk of flesh


   Skills:
 + Level 8.1 Fighting
 * Level 10.0 Maces & Flails
 + Level 8.2 Armour
 + Level 8.2 Shields


You had 9 spell levels left.
You didn't know any spells.
Your spell library was empty.

Dungeon Overview and Level Annotations

Branches:
Dungeon (9/15)             Temple (1/1) D:6
   Lair: D:8-11         Orc: D:9-12

Altars:
Ashenzari
Cheibriados
Dithmenos
Elyvilon
Fedhas
Gozag
Hepliaklqana
Kikubaaqudgha
Makhleb
Nemelex Xobeh
Okawaru
Qazlal
Ru
Sif Muna
Trog
Uskayaw
Vehumet
Wu Jian
Xom
Yredelemnul
Zin
The Shining One

Shops:
D:6 =*:

Annotations:
D:3 exclusion: oklob plant


Innate Abilities, Weirdness & Mutations

You are resistant to torment.
Your stone body is resilient. (AC +7)
You are immune to poison.
You resist negative energy. (rN+)
You are resistant to electric shocks. (rElec)
You can survive without breathing.
You are immune to petrification.
You are immune to rotting.


Message History

You miss the killer bee. The killer bee stings you.
* * * LOW HITPOINT WARNING * * *
You block the killer bee's attack. The killer bee stings you.
* * * LOW HITPOINT WARNING * * *
The killer bee stings you but does no damage.
You miss the killer bee.
The killer bee stings you but does no damage. x2
You block the killer bee's attack. You block the orc's attack.
The killer bee barely misses you.
The killer bee stings you but does no damage.
You hit the killer bee.
The killer bee is moderately wounded.
The killer bee barely misses you.
The bullfrog snags a nearby mosquito with its tongue.
The killer bee barely misses you. You block the killer bee's attack.
You barely miss the killer bee.
The killer bee is moderately wounded.
The killer bee stings you but does no damage.
The killer bee stings you.
You die...

#.....##.#.........
#.....##.#.........
#.....##..yg.......
#.....###yyg.......
#.....# #yF#####.#.
#.....# ##g# .#
#.....####a### #
#######.......yyoy.#
.....##.....####@#.#
.....##.....# #y#.#
.....#......# #.# #
.....#......# #.#
.....#....### ...
.....####.# ...
#....####.# ...
#.........# .....
#.........#


You could see a queen bee, a gnoll sergeant, a bullfrog, a worker ant, 7 killer
bees, 2 gnolls and an orc.

Vanquished Creatures
  Pikel (D:6)
  Maurice (D:8)
  Joseph (D:7)
  Grinder (D:5)
  A hippogriff (D:7)
  Sigmund (D:2)
  The ghost of rcreutzb the Geomancer, an amateur GrEE (D:4)
  Duvessa (D:5)
  3 orc warriors
  A necrophage (D:7)
  5 ogres
  3 centaurs
  2 big kobolds (D:6)
  4 bullfrogs
  8 killer bees
  Dowan (D:5)
  2 scorpions
  A water moccasin skeleton (D:4)
  An electric eel (D:7)
  2 crimson imps
  A centaur zombie (D:6)
  A bullfrog zombie (D:6)
  2 hounds
  A bullfrog skeleton (D:6)
  4 orc priests
  An iguana (D:7)
  10 orc wizards
  2 worker ants
  Natasha (thrice) (D:2)
  A hound skeleton (D:8)
  A worker ant zombie (D:7)
  5 gnolls
  14 adders
  A shadow imp (D:5)
  An ooze (D:3)
  An adder skeleton (D:7)
  A worm (D:3)
  2 dart slugs (D:1)
  9 leopard geckos
  28 orcs
  2 ball pythons
  8 giant cockroaches
  10 goblins
  13 hobgoblins
  9 jackals
  2 quokkas (D:8)
  4 bats
  9 frilled lizards
  16 kobolds
  A quokka skeleton (D:6)
  8 rats
212 creatures vanquished.

Vanquished Creatures (others)
  A leopard gecko (D:7)
  2 orcs
3 creatures vanquished.

Grand Total: 215 creatures vanquished

Notes
Turn   | Place    | Note
-------+----------+-------------------------------------------
     0 | D:1      | stealthycow the Gargoyle Fighter began the quest for the Orb.
     0 | D:1      | Reached XP level 1. HP: 14/14 MP: 1/1
   128 | D:1      | Reached XP level 2. HP: 19/19 MP: 2/2
   499 | D:1      | Reached XP level 3. HP: 23/23 MP: 3/3
   847 | D:2      | Reached skill level 3 in Maces & Flails
   849 | D:2      | Reached XP level 4. HP: 27/29 MP: 4/4
   994 | D:2      | Noticed Sigmund
  1025 | D:2      | You fall through a shaft for 2 floors!
  1528 | D:3      | Reached XP level 5. HP: 31/33 MP: 5/5
  1793 | D:2      | Killed Sigmund
  1793 | D:2      | Reached skill level 4 in Maces & Flails
  1793 | D:2      | Reached XP level 6. HP: 28/39 MP: 6/6
  2109 | D:2      | Noticed Natasha
  2121 | D:2      | Killed Natasha
  2268 | D:2      | Noticed Natasha
  2280 | D:2      | Killed Natasha
  2280 | D:2      | Reached XP level 7. HP: 44/44 MP: 7/7
  2315 | D:2      | Noticed Natasha
  2335 | D:2      | Killed Natasha
  2655 | D:3      | Reached skill level 5 in Maces & Flails
  2803 | D:3      | Found a blossoming altar of Fedhas.
  2816 | D:3      | Noticed an oklob plant
  2998 | D:4      | Reached skill level 5 in Armour
  3053 | D:4      | Reached skill level 5 in Fighting
  3072 | D:4      | Reached skill level 5 in Shields
  3116 | D:4      | Found a radiant altar of Vehumet.
  3134 | D:4      | Noticed rcreutzb's ghost (amateur GrEE)
  3164 | D:4      | Killed rcreutzb's ghost
  3164 | D:4      | Reached XP level 8. HP: 48/49 MP: 8/8
  3303 | D:4      | You fall through a shaft for 2 floors!
  3303 | D:6      | Found Lotreime's Assorted Antiques.
  3317 | D:6      | Reached skill level 6 in Maces & Flails
  3499 | D:6      | Found a hide-covered altar of Uskayaw.
  3499 | D:6      | Noticed a dagger
  3499 | D:6      | Noticed a hand axe
  3518 | D:5      | Entered Level 5 of the Dungeon
  3545 | D:5      | Noticed Pikel
  3579 | D:6      | Killed Pikel
  3579 | D:6      | Reached skill level 7 in Maces & Flails
  3684 | D:5      | Reached XP level 9. HP: 55/55 MP: 9/9
  3782 | D:5      | Noticed Dowan
  3783 | D:5      | Noticed Duvessa
  3791 | D:5      | Killed Dowan
  3815 | D:5      | Killed Duvessa
  3993 | D:5      | Noticed Grinder
  4017 | D:5      | Killed Grinder
  4017 | D:5      | Reached skill level 8 in Maces & Flails
  4248 | D:6      | Found a staircase to the Ecumenical Temple.
  4281 | Temple   | Entered the Ecumenical Temple
  4752 | D:6      | Found Xulitt's Jewellery Boutique.
  4951 | D:6      | Found a shattered altar of Ashenzari.
  5184 | D:6      | Found a glowing silver altar of Zin.
  5222 | D:6      | Found Kiuqikk's Book Boutique.
  5640 | D:7      | Reached skill level 9 in Maces & Flails
  5741 | D:7      | Reached XP level 10. HP: 60/63 MP: 10/10
  6025 | D:7      | Noticed Joseph
  6059 | D:7      | Killed Joseph
  6310 | D:7      | Found a burning altar of Makhleb.
  6327 | D:7      | Became a worshipper of Makhleb the Destroyer
  6486 | D:8      | Found an iron altar of Okawaru.
  6527 | D:8      | Found Umnuny's Magic Scroll Shop.
  6575 | D:8      | Noticed Maurice
  6639 | D:8      | Killed Maurice
  6639 | D:8      | Reached skill level 10 in Maces & Flails
  6661 | D:8      | HP: 3/64 [killer bee (1)]
  6664 | D:8      | Slain by a killer bee

Vault maps used:
D:1:      grunt_arrival_crossed_arrows, st_stairs_12
D:2:      first_ration, uniq_sigmund, uniq_natasha
D:3:      tgw_fedhas
D:4:      lemuel_crystal_altar, wad_orctagon
D:5:      uniq_duvessa, uniq_grinder, uniq_pikel
D:6:      cheibrodos_thug_alley, dancing_weapons_uskayaw, zin_academy,
          minmay_temple_entry_steel_oval, serial_shops, kennysheep_little_box,
          shop, shop, evilmike_ruin_ashenzari
D:7:      cheibrodos_helix_gallery, makhleb_grotto_becter, uniq_joseph
D:8:      serial_shops, nicolae_shop_window_shopping, shop, david_nohive_1,
          okawaru_ov_weapons_minmay, uniq_maurice
D:9:      erik_lair_orcish_takeover
Temple:   dpeg_five_rooms_temple

Skill      XL: |  1  2  3  4  5  6  7  8  9 10 |
---------------+-------------------------------+-----
Maces & Flails | 3 4 5 7 9 10 | 10.0
Armour         | 4 5 6 7 8 |  8.2
Fighting       | 4 5 6 7 8 |  8.1
Shields        | 4 5 6 7 8 |  8.2

Action                   |  1- 3 |  4- 6 |  7- 9 | 10-12 || total
-------------------------+-------+-------+-------+-------++-------
Melee: Flail             |    42 |       |       |     2 ||    44
       Whip              |    93 |   213 |   528 |   223 ||  1057
  Eat: Chunk             |       |     5 |     8 |     3 ||    16
       Ration            |       |       |     1 |       ||     1
Armor: Scale mail        |    71 |    82 |       |       ||   153
       Plate armour      |       |     4 |   242 |   158 ||   404
Dodge: Dodged            |    40 |    64 |    73 |    62 ||   239
Block: Shield            |    64 |    78 |   227 |   165 ||   534

Table legend:
 A = Spawn XP
 B = Non-spawn XP
 C = Spawn XP percentage of total XP
 D = Spawn monster count
 E = Non-spawn monster count
 F = Spawn count percentage of total count
 G = Total turns spent on level
                    A         B        C        D         E        F      G
               +---------+---------+-------+---------+---------+-------+---------
         Total |       0 |    7181 |   0.0 |       0 |     213 |   0.0 |  6664
               +---------+---------+-------+---------+---------+-------+---------
           D:1 |       0 |      65 |   0.0 |       0 |      34 |   0.0 |   833
           D:2 |       0 |     440 |   0.0 |       0 |      32 |   0.0 |   932
           D:3 |       0 |     179 |   0.0 |       0 |      31 |   0.0 |   876
           D:4 |       0 |     568 |   0.0 |       0 |      24 |   0.0 |   662
           D:5 |       0 |     828 |   0.0 |       0 |      15 |   0.0 |   700
           D:6 |       0 |    1922 |   0.0 |       0 |      33 |   0.0 |  1258
           D:7 |       0 |    2444 |   0.0 |       0 |      34 |   0.0 |   980
           D:8 |       0 |     735 |   0.0 |       0 |      10 |   0.0 |   177
               +---------+---------+-------+---------+---------+-------+---------
